 Dungeon Crawl Stone Soup version 0.25-a0-87-ga3d287b (webtiles) character file.

Game seed: 13537978208669251809, levelgen mode: deterministic

85 BoppinsLewinski the Chopper (level 4, -7/40 HPs)
             Began as a Minotaur Monk on Nov 11, 2019.
             Mangled by a gnoll
             ... wielding a +0 flail
              (14 damage)
             ... on level 3 of the Dungeon.
             The game lasted 00:03:57 (2021 turns).

BoppinsLewinski the Chopper (Minotaur Monk)         Turns: 2021, Time: 00:03:58

Health: -7/40      AC:  5    Str: 13 (16) XL:     4   Next: 25%
Magic:  2/2        EV: 12    Int:  4 (7)  God:
Gold:   124        SH:  0    Dex: 12 (13) Spells: 3/3 levels left

rFire    . . .     SeeInvis .   a - +0 hand axe
rCold    . . .     Gourm    .   (no shield)
rNeg     . . .     Faith    .   n - +0 ring mail
rPois    .         Spirit   .   (helmet restricted)
rElec    .         Reflect  .   (no cloak)
rCorr    .         Harm     .   (no gloves)
MR       .....                  (no boots)
Stlth    +.........             (no amulet)
HPRegen  0.13/turn              (no ring)
MPRegen  0.08/turn              (no ring)

@: no status effects
A: retaliatory headbutt, horns 2, low mp 1, MP-powered wands
a: no special abilities


You were on level 3 of the Dungeon.
You were hungry.

You visited 1 branch of the dungeon, and saw 3 of its levels.

You collected 124 gold pieces.

Inventory:

Hand Weapons
 a - a +0 hand axe (weapon)
Armour
 f - a +0 plate armour
 n - a +0 ring mail (worn)
Wands
 l - a wand of paralysis (6)
Scrolls
 d - 2 scrolls of remove curse {unknown}
 e - a scroll of magic mapping {unknown}
 g - a scroll of teleportation {unknown}
 i - 2 scrolls of identify {unknown}
 k - a scroll of amnesia {unknown}
 m - a scroll of random uselessness {unknown}
Potions
 b - a potion of degeneration
Comestibles
 c - 3 rations


   Skills:
 + Level 4.2 Fighting
 * Level 4.8 Axes
 + Level 1.7 Armour
 + Level 3.8 Dodging
 - Level 1.5 Stealth
 + Level 0.4 Evocations


You had 3 spell levels left.
You didn't know any spells.
Your spell library contained the following spells:

 Spells                   Type           Power        Failure   Level  Hunger
 Animate Skeleton         Necr           N/A          77%         1    ##.....
 Apportation              Tloc           #.....       77%         1    ##.....
 Confusing Touch          Hex            #.....       77%         1    ##.....
 Summon Small Mammal      Summ           #...         77%         1    ##.....


Dungeon Overview and Level Annotations

Branches:
Dungeon (3/15)

Altars:


Innate Abilities, Weirdness & Mutations

You reflexively headbutt those who attack you in melee.
You have a pair of horns on your head.
Your magical capacity is low. (-10% MP)
You expend magic power (3 MP) to strengthen your wands.


Message History

Ye hit tha gnoll.
Yer headbutt misses tha gnoll.
Tha gnoll be lightly wounded.
Tha gnoll hits ye wit' a +0 flail.
Unknown command.
Ye hit tha gnoll but do nay damage.
Ye headbutt tha gnoll, but do nay damage.
Tha gnoll be lightly wounded.
Unknown command.
Ye hit tha gnoll.
Ye headbutt tha gnoll!
Tha gnoll be almost dead.
Tha gnoll hits ye wit' a +0 flail!
* * * LOW HITPOINT WARNIN'
* * * Unknown command.
Throwin' (i - inventory)
h - a throwin' net (quiv'red)
Press: ? - help, Shift-Dir - straight line, f - gnoll
Aim: a gnoll, wieldin' a +0 flail (almost dead) Ye throw a throwin' net.
Tha throwin' net barely misses tha gnoll.
Tha gnoll hits ye wit' a +0 flail!
Ye die...

# ##.....##
g##.......###.
g....$.......
#.......#..#
#.....##..#
#g..# #..# #.#
#..#
#.####..###.#
#(.g@.......#
#######..###..
.........#
########.#
#.#######
#.<.....#
#######.#


You could see a gnoll.

Vanquished Creatures
  A gnoll (D:3)
  2 adders (D:2)
  2 worms (D:2)
  A dart slug (D:2)
  3 giant cockroaches
  7 goblins
  6 hobgoblins
  4 jackals
  8 kobolds
  2 bats
  4 frilled lizards
  9 rats
49 creatures vanquished.

Notes
Turn   | Place    | Note
-------+----------+-------------------------------------------
     0 | D:1      | BoppinsLewinski the Minotaur Monk began the quest for the
                  | Orb.
     0 | D:1      | Reached XP level 1. HP: 19/19 MP: 0/0
   615 | D:1      | Reached XP level 2. HP: 27/27 MP: 1/1
   895 | D:1      | Reached skill level 1 in Armour
  1380 | D:2      | Reached XP level 3. HP: 28/33 MP: 2/2
  1737 | D:2      | Reached XP level 4. HP: 40/40 MP: 3/3
  2017 | D:3      | Gained mutation: Your magical capacity is low. (-10% MP)
                  | [potion of mutation]
  2017 | D:3      | Gained mutation: You expend magic power (3 MP) to
                  | strengthen your wands. [potion of mutation]
  2021 | D:3      | Mangled by a gnoll

Levels and vault maps discovered:
D:1:      nicolae_arrival_memento_mori, layout_loops_corners
D:2:      layout_rooms, first_ration
D:3:      layout_loops_ring, chequers_serial_rivers_room_b

Skill      XL: |  1  2 |
---------------+-------+-----
Axes           | 4 |  4.8
Armour         | 1 |  1.7
Fighting       | 4 |  4.2
Dodging        | |  3.8
Stealth        | |  1.5
Evocations     | |  0.4

Action                   |  1- 3 |  4- 6 || total
-------------------------+-------+-------++-------
Melee: Hand axe          |    87 |    18 ||   105
       Headbutt          |    16 |     5 ||    21
       Unarmed           |     9 |       ||     9
Throw: Throwing net      |       |     1 ||     1
  Use: Potion            |     2 |     2 ||     4
 Stab: Sleeping          |     2 |       ||     2
  Eat: Chunk             |     3 |       ||     3
Armor: Robe              |     2 |       ||     2
       Skin              |     7 |       ||     7
       Leather armour    |     4 |       ||     4
       Ring mail         |       |     3 ||     3
Dodge: Dodged            |    62 |     6 ||    68

Table legend:
 A = Non-vault XP
 B = Vault XP
 C = Vault XP percentage of total XP
 D = Non-vault monster count
 E = Vault monster count
 F = Vault count percentage of total count
                 A         B        C        D         E       F
            +---------+---------+-------+---------+---------+-------
      Total |     122 |       0 |   0.0 |      49 |       0 |   0.0
            +---------+---------+-------+---------+---------+-------
        D:1 |      24 |       0 |   0.0 |      16 |       0 |   0.0
        D:2 |      84 |       0 |   0.0 |      32 |       0 |   0.0
        D:3 |      14 |       0 |   0.0 |       1 |       0 |   0.0
            +---------+---------+-------+---------+---------+-------
